 Dungeon Crawl Stone Soup version 0.30.0-5-g1a98f26d00 (webtiles) character file.

Game seed: 13267642438325553518

486 PoweredByGinger the Cleaver (level 6, -18/50 HPs)
             Began as a Minotaur Gladiator on May 9, 2023.
             Demolished by Menkaure (20 damage)
             ... on level 4 of the Dungeon.
             The game lasted 00:02:51 (2507 turns).

PoweredByGinger the Cleaver (Minotaur Gladiator)    Turns: 2507, Time: 00:02:51

Health: -18/50     AC:  4    Str: 21    XL:     6   Next: 89%
Magic:  5/5        EV: 12    Int:  5    God:
Gold:   227        SH:  0    Dex: 11    Spells: 5/5 levels left

rFire   . . .        a - +0 war axe
rCold   . . .        (no shield)
rNeg    . . .        b - +0 leather armour
rPois   +            c - +0 hat
rElec   .            x - +0 cloak
rCorr   .            (no gloves)
SInv    .            (no boots)
Will    .....        (no amulet)
Stlth   +            v - ring of poison resistance
HPRegen 0.28/turn    (no ring)
MPRegen 0.09/turn

%: no passive effects
@: attractive, hasted, very quick
A: horns 2, retaliatory headbutt
a: no special abilities


You were on level 4 of the Dungeon.
You visited 1 branch of the dungeon, and saw 4 of its levels.

You collected 227 gold pieces.

Inventory:

Hand Weapons
 a - a +0 war axe (weapon)
Missiles
 e - a javelin (quivered)
Armour
 b - a +0 leather armour (worn)
 c - a +0 hat (worn)
 x - a +0 cloak (worn)
Jewellery
 o - a ring of fire
 p - a ring of ice
 v - a ring of poison resistance (left hand)
Scrolls
 j - a scroll of fog {unknown}
 k - a scroll of enchant armour {unknown}
 l - 2 scrolls of blinking {unknown}
 n - a scroll of enchant weapon {unknown}
 r - 2 scrolls of noise {unknown}
 s - a scroll of summoning {unknown}
 t - 2 scrolls of identify {unknown}
 w - a scroll of amnesia {unknown}
 y - a scroll of brand weapon {unknown}
Potions
 f - 2 potions of attraction
 g - 2 potions of haste
 h - 2 potions of heal wounds {unknown}
 i - 2 potions of invisibility {unknown}
 m - 3 potions of curing {unknown}
 q - 2 potions of brilliance {unknown}
 u - 2 potions of cancellation {unknown}


   Skills:
 + Level 2.6 Fighting
 + Level 9.4 Axes
 - Level 2.0 Throwing
 + Level 3.3 Dodging


You had 5 spell levels left.
You didn't know any spells.
Your spell library contained the following spells:

 Spells                   Type           Power      Damage    Failure   Level
 Summon Small Mammal      Summ           0%         N/A       52%         1
 Call Canine Familiar     Summ           0%         N/A       88%         3
 Summon Guardian Golem    Hex/Summ       0%         N/A       88%         3


Dungeon Overview and Level Annotations

Branches:
Dungeon (4/15)
 Temple: D:4-7

Altars:
Hepliaklqana
Uskayaw

Annotations:
D:4 Menkaure


Innate Abilities, Weirdness & Mutations

You have a pair of horns on your head.
You reflexively headbutt those who attack you in melee.


Message History

Pain shoots through your body!
Things that are here:
a +0 whip; a kobold corpse Menkaure hits you!!
A black bear comes into view.
The black bear growls angrily.
You hit Menkaure.
Menkaure is lightly damaged.
Menkaure hums, "It doesn't hurt if you pull your brain out of your nose yourself."
Menkaure gestures wildly while chanting.
Menkaure seems to speed up.
You hit Menkaure but do no damage.
Menkaure is lightly damaged.
Menkaure completely misses you. You furiously retaliate!
You headbutt Menkaure.
Throw: throwing net
Press: ? - help, Q - select action, (/) - cycle Shift-Dir - straight line, f - Menkaure
Aim: Menkaure (lightly damaged, fast, 73% to hit)
You throw a throwing net. The throwing net hits Menkaure.
Menkaure is caught in the net!
Menkaure is lightly damaged.
Menkaure struggles against the net.
Unknown command.
You hit Menkaure. You headbutt Menkaure!
Menkaure is severely damaged.
Menkaure struggles against the net.
You hit Menkaure but do no damage.
Menkaure is severely damaged.
Menkaure struggles against the net.
You slash Menkaure!
Menkaure is almost destroyed.
Menkaure struggles against the net.
The net rips apart, and Menkaure comes free!
Menkaure hits you!
* * * LOW HITPOINT WARNING * * *
It was a potion of attraction.
You feel attractive to monsters. Menkaure hits you.
* * * LOW HITPOINT WARNING * * *
It was a potion of haste.
You feel yourself speed up. Menkaure hits you!!
You die...

#......(...#
#........#.#
##.#######.# #.#
#####.###
#.###........
#.#####.....###)###
#.......##### #.#
#.#######.# #.#
#.hM@)....# #.#
#..######.# #.#
.... #... ..# ....
#.### ### ..# #.# #
#.# #.# .#


You could see a black bear and Menkaure (fast).

Vanquished Creatures
  Sigmund (D:2)
  A water moccasin (D:3)
  A scorpion (D:4)
  A hound (D:4)
  An iguana (D:4)
  3 adders
  4 worms
  2 dart slugs
  An orc (D:4)
  5 ball pythons
  5 endoplasms
  2 giant cockroaches
  4 goblins
  6 hobgoblins
  3 jackals (D:1)
  6 kobolds
  3 quokkas
  4 bats
  2 frilled lizards (D:1)
  A rat (D:2)
56 creatures vanquished.

Notes
Turn   | Place    | Note
-------+----------+-------------------------------------------
     0 | D:1      | PoweredByGinger the Minotaur Gladiator began the quest for
                  | the Orb.
     0 | D:1      | Reached XP level 1. HP: 18/18 MP: 0/0
    29 | D:1      | Reached skill level 4 in Axes
    77 | D:1      | Reached XP level 2. HP: 25/25 MP: 1/1
   443 | D:2      | Reached skill level 5 in Axes
   443 | D:2      | Reached XP level 3. HP: 18/30 MP: 2/2
   576 | D:2      | Noticed Sigmund
   588 | D:2      | Killed Sigmund
   589 | D:2      | Reached skill level 7 in Axes
   589 | D:2      | Reached XP level 4. HP: 21/37 MP: 3/3
   589 | D:2      | Reached XP level 5. HP: 24/42 MP: 4/4
   970 | D:2      | Found a hazy altar of Hepliaklqana.
  1476 | D:3      | Found a hide-covered altar of Uskayaw.
  1481 | D:3      | Reached skill level 8 in Axes
  1737 | D:3      | Noticed a water moccasin
  1744 | D:3      | Killed a water moccasin
  1745 | D:3      | Reached XP level 6. HP: 50/50 MP: 5/5
  2279 | D:4      | Reached skill level 9 in Axes
  2494 | D:4      | Noticed Menkaure
  2506 | D:4      | HP: 2/50 [Menkaure (5)]
  2507 | D:4      | Demolished by Menkaure

Illustrated notes

Levels and vault maps discovered:
D:1:      mushboom_english_gardens, layout_basic
D:2:      layout_loops_corners, basic_altar, uniq_sigmund
D:3:      layout_basic, mainiacjoe_overflow_chevrons
D:4:      layout_loops_ring, uniq_natasha, uniq_menkaure

Skill      XL: |  1  2  3  4  5  6 |
---------------+-------------------+-----
Axes           | 4 5 7 8 9 |  9.4
Fighting       | |  2.6
Throwing       | |  2.0
Dodging        | |  3.3

Action                     |  1- 3 |  4- 6 || total
---------------------------+-------+-------++-------
  Melee: War axe           |    47 |    64 ||   111
         Headbutt          |     6 |    10 ||    16
  Throw: Throwing net      |     2 |     2 ||     4
    Use: Potion            |       |     2 ||     2
 Armour: Leather armour    |    18 |    12 ||    30
  Dodge: Dodged            |    38 |    34 ||    72
